 Dungeon Crawl Stone Soup version 0.30.1-9-gdf580d7c3d (webtiles) character file.

Game seed: 4690426633174270303

3700 Psyclone the Thaumaturge (level 9, -4/55 HPs)
             Began as a Deep Elf Conjurer on Sept 27, 2023.
             Was an Initiate of Ashenzari.
             Killed from afar by a rime drake (33 damage)
             ... with an icy flash freeze
             ... on level 8 of the Dungeon.
             The game lasted 00:15:09 (7265 turns).

Psyclone the Thaumaturge (Deep Elf Conjurer)        Turns: 7265, Time: 00:15:10

Health: -4/55      AC:  6    Str:  4    XL:     9   Next: 91%
Magic:  7/25       EV: 12    Int: 28    God:    Ashenzari [......]
Gold:   444        SH:  0    Dex: 13    Spells: 21/28 levels left

rFire   . . .        t - staff of conjuration
rCold   x . .        (no shield)
rNeg    . . .        D - +0 steam dragon scales
rPois   .            (no helmet)
rElec   .            p - +0 cloak
rCorr   .            (no gloves)
SInv    .            (no boots)
Will    .....        (no amulet)
Stlth   ++           (no ring)
HPRegen 0.29/turn    (no ring)
MPRegen 0.19/turn

%: no passive effects
@: studying 2 skills
A: passive freeze, cold vulnerability 1
a: Renounce Religion


You were on level 8 of the Dungeon.
You worshipped Ashenzari.
Ashenzari was noncommittal.
You visited 2 branches of the dungeon, and saw 9 of its levels.

You collected 444 gold pieces.

Inventory:

Hand Weapons
 l - a +5 hand axe of freezing
 n - the +1 hammer "Kuepsao" {heavy, rF+ rC+ MP+9 Stlth+}
   (You found it on level 4 of the Dungeon)

   rF:        It protects you from fire.
   rC:        It protects you from cold.
   MP:        It affects your magic capacity (+9).
   Stlth:     It makes you more stealthy.
Missiles
 G - 2 throwing nets {!f}
Armour
 a - a +0 robe
 p - a +0 cloak (worn)
 D - +0 steam dragon scales (worn)
Magical Staves
 t - a staff of conjuration (weapon)
 C - a staff of poison
Jewellery
 y - a ring of positive energy
 B - an amulet of reflection
Wands
 m - a wand of flame (13)
 x - a wand of paralysis (11)
 E - a wand of iceblast (10)
Scrolls
 e - 2 scrolls of vulnerability
 f - a scroll of immolation
 h - 2 scrolls of noise
 i - 4 scrolls of magic mapping
 j - 7 scrolls of identify {@r1}
 k - 3 scrolls of fog
 s - 2 scrolls of teleportation
 v - a scroll of enchant weapon {unknown}
 z - a scroll of fear {unknown}
 F - a scroll of silence {unknown}
Potions
 b - a potion of magic
 c - a potion of degeneration
 d - a potion of lignification
 g - 2 potions of cancellation {unknown}
 o - 2 potions of flight
 q - a potion of attraction {unknown}
 r - a potion of resistance {unknown}
 u - 2 potions of heal wounds
 w - a potion of brilliance
 A - 2 potions of curing
 H - a potion of ambrosia {unknown}


   Skills:
 + Level 6.0 Fighting
 - Level 2.4 Dodging
 - Level 2.4 Stealth
 - Level 10.2 Spellcasting
 - Level 9.3 Conjurations
 - Level 8.0 Hexes


You had 21 spell levels left.
You knew the following spells:

 Your Spells              Type           Power      Damage    Failure   Level
a - Magic Dart            Conj           100%       1d8       1%          1
b - Searing Ray           Conj           100%       2d8       1%          2
d - Fulminant Prism       Conj/Hex       38%        3d17      1%          4

Your spell library contained the following spells:

 Spells                   Type           Power      Damage    Failure   Level
 Ensorcelled Hibernation  Hex/Ice        72%        N/A       1%          2
 Dazzling Flash           Conj/Hex       100%       N/A       1%          3
 Passwall                 Tmut/Erth      11%        N/A       6%          2
 Iskenderun's Mystic Bla  Conj/Tloc      57%        2d12      6%          4
 Swiftness                Air            14%        N/A       12%         3
 Animate Dead             Necr           14%        N/A       36%         4
 Borgnjor's Vile Clutch   Necr/Erth      7%         N/A       73%         5
 Death Channel            Necr           7%         N/A       99%         6


Dungeon Overview and Level Annotations

Branches:
Dungeon (8/15) Zot: 26984  Temple (1/1) D:7 Zot: 5809
   Lair: D:8-11

Altars:
Ashenzari
Cheibriados
Dithmenos
Elyvilon
Fedhas
Gozag
Hepliaklqana
Kikubaaqudgha
Makhleb
Nemelex Xobeh
Okawaru
Qazlal
Sif Muna
Trog
Uskayaw
Vehumet
Wu Jian
Xom
Yredelemnul
Zin
The Shining One

Shops:
D:6 ([   D:7 (

Annotations:
D:5 2 transporters, riellis1's ghost, novice DsNe


Innate Abilities, Weirdness & Mutations

A frigid envelope surrounds you and freezes all who hurt you.
You are vulnerable to cold. (rC-)


Message History

The wolf howls!
An ice beast comes into view.
Casting: Fulminant Prism (dangerous; 1% risk of failure)
Confirm with . or Enter, or press ? or * to list all spells.
Aiming: Fulminant Prism (dangerous; 1% risk of failure)
Press: ? - help, Dir - move target You feel a surge of power!
You conjure a prism of explosive energy!
A fulminant prism comes into view.
A kobold comes into view. It is wielding a +0 short sword.
A gnoll comes into view. It is wielding a +0 club. x2
You now have 11/25 mp.
Your fulminant prism crackles loudly.
The wolf bites you!
The wolf is very cold.
The wolf is heavily wounded.
Your fulminant prism explodes!
The blast of energy engulfs the ice beast!!!
You kill the ice beast!
The blast of energy engulfs the gnoll!!!
You kill the gnoll!
The blast of energy engulfs the wolf!
You kill the wolf!
You feel a bit more experienced.
You hear an angry hiss.
You hear a shout! x3
Your Fighting skill increases to level 6!
You take 7 damage, and have 29/55 hp.
An ice beast, a rime drake, a kobold and a gnoll bouda come into view.
The kobold shouts!
A gnoll comes into view. It is wielding a +2 whip of flaming.
Casting: Fulminant Prism (dangerous; 1% risk of failure)
Confirm with . or Enter, or press ? or * to list all spells.
Aiming: Fulminant Prism (dangerous; 1% risk of failure)
Press: ? - help, Dir - move target You feel a surge of power!
You conjure a prism of explosive energy!
A fulminant prism comes into view.
The rime drake breathes ice at you. The icy flash freeze hits you!!
You feel a painful chill!
Ouch! That really hurt!
You die...

.#..#.
g...Y .
g... K.
...#.#
.)...##
.))....
##.*...k.
###@.)K..#
#<.).#.....
####.# ...
... # ###..
##


You could see a rime drake (catching breath), an ice beast, a gnoll bouda, a
gnoll, 2 kobolds and a friendly fulminant prism.

Vanquished Creatures
  Prince Ribbit (D:6)
  Grinder (D:5)
  A wyvern (D:8)
  6 yaks (D:7)
  Edmund (D:5)
  Menkaure (D:5)
  A steam dragon (D:7)
  Duvessa (D:4)
  2 ice beasts (D:8)
  A black bear (D:5)
  A centaur (D:6)
  3 wolves (D:8)
  A kobold brigand (D:8)
  3 scorpions (D:5)
  5 wights (D:3)
  Dowan (D:4)
  A howler monkey (D:7)
  Crazy Yiuf (D:4)
  A jelly (D:5)
  4 orc priests
  A gnoll bouda (D:7)
  2 hounds
  2 sleepcaps
  2 iguanas
  2 orc wizards
  Robin (D:3)
  7 gnolls
  5 adders
  A white imp (D:7)
  2 worms
  A dart slug (D:1)
  11 orcs
  4 bats
  4 endoplasms
  3 giant cockroaches
  13 goblins
  8 hobgoblins
  12 kobolds
  5 quokkas
  3 training dummies (D:7)
  7 ball pythons
  2 frilled lizards
  10 rats
145 creatures vanquished.

Vanquished Creatures (others)
  12 fulminant prisms
12 creatures vanquished.

Grand Total: 157 creatures vanquished

Notes
Turn   | Place    | Note
-------+----------+-------------------------------------------
     0 | D:1      | Psyclone the Deep Elf Conjurer began the quest for the Orb.
     0 | D:1      | Reached XP level 1. HP: 10/10 MP: 6/6
   377 | D:1      | Reached XP level 2. HP: 15/15 MP: 4/8
   422 | D:1      | Learned a level 2 spell: Searing Ray
   939 | D:1      | Gained mutation: You are covered in fur. (AC +1) [potion of
                  | mutation]
   939 | D:1      | Gained mutation: You have a pair of small horns on your
                  | head. [potion of mutation]
  1092 | D:2      | Reached skill level 4 in Spellcasting
  1162 | D:2      | Reached skill level 5 in Conjurations
  1162 | D:2      | Reached XP level 3. HP: 19/19 MP: 8/10
  1529 | D:2      | Found a faded altar of an unknown god.
  1877 | D:3      | Lost mutation: You are covered in fur. (AC +1) [potion of
                  | mutation]
  1877 | D:3      | Lost mutation: You have a pair of small horns on your head.
                  | [potion of mutation]
  1877 | D:3      | Gained mutation: You have sharp toenails. [potion of
                  | mutation]
  1877 | D:3      | Gained mutation: A frigid envelope surrounds you and
                  | freezes all who hurt you. [potion of mutation]
  1877 | D:3      | Gained mutation: Potions are less effective at restoring
                  | your health. [potion of mutation]
  2055 | D:3      | Identified the +3 helmet of Greed {Slay+2}
  2055 | D:3      | Noticed Robin
  2109 | D:3      | Reached XP level 4. HP: 23/24 MP: 6/12
  2179 | D:3      | Killed Robin
  2699 | D:3      | Reached skill level 5 in Spellcasting
  2925 | D:3      | Reached XP level 5. HP: 22/28 MP: 6/15
  3007 | D:3      | Reached skill level 6 in Spellcasting
  3010 | D:3      | Reached XP level 6. HP: 13/32 MP: 7/17
  3346 | D:4      | Noticed Duvessa
  3346 | D:4      | Noticed Dowan
  3351 | D:4      | Killed Dowan
  3352 | D:4      | Reached skill level 7 in Spellcasting
  3352 | D:4      | Killed Duvessa
  3353 | D:4      | Reached XP level 7. HP: 26/36 MP: 9/19
  3884 | D:4      | Identified the +1 hammer "Kuepsao" {heavy, rF+ rC+ MP+9
                  | Stlth+}
  3897 | D:4      | Found a runed translucent door.
  3898 | D:4      | Noticed Crazy Yiuf
  3905 | D:4      | Killed Crazy Yiuf
  4266 | D:5      | Entered Level 5 of the Dungeon
  4352 | D:5      | Reached skill level 8 in Spellcasting
  4379 | D:5      | Found a transporter.
  4388 | D:5      | Noticed riellis1's ghost (novice DsNe)
  4391 | D:5      | Found a transporter.
  4631 | D:5      | Noticed Grinder
  4639 | D:5      | Paralysed by Grinder for 5 turns
  4646 | D:5      | Paralysed by Grinder for 4 turns
  4658 | D:5      | Killed Grinder
  4659 | D:5      | Reached skill level 9 in Spellcasting
  4659 | D:5      | Reached XP level 8. HP: 17/41 MP: 22/23
  4800 | D:5      | Noticed Edmund
  4813 | D:5      | Killed Edmund
  4950 | D:5      | Noticed Menkaure
  4957 | D:5      | Killed Menkaure
  5144 | D:5      | Reached skill level 10 in Spellcasting
  5217 | D:5      | Lost mutation: Potions are less effective at restoring your
                  | health. [potion of mutation]
  5217 | D:5      | Lost mutation: You have sharp toenails. [potion of
                  | mutation]
  5217 | D:5      | Gained mutation: You are vulnerable to cold. (rC-) [potion
                  | of mutation]
  5218 | D:5      | Identified a scroll of acquirement
  5218 | D:5      | Acquired a staff of conjuration
  5255 | D:5      | Learned a level 4 spell: Fulminant Prism
  5345 | D:5      | Reached skill level 1 in Hexes
  5605 | D:6      | Found Baintuax's Antique Weapon Shoppe.
  5796 | D:6      | Noticed Prince Ribbit
  5809 | D:6      | Killed Prince Ribbit
  5810 | D:6      | Reached skill level 5 in Hexes
  6016 | D:6      | Found Ketonal's Antique Armour Shoppe.
  6272 | D:7      | Reached XP level 9. HP: 17/45 MP: 17/25
  6613 | D:7      | Found a staircase to the Ecumenical Temple.
  6622 | Temple   | Entered the Ecumenical Temple
  6780 | Temple   | Became a worshipper of Ashenzari the Shackled
  6826 | D:7      | Found Hemu Ive's Firing Range.
  7257 | D:8      | Reached skill level 5 in Fighting
  7264 | D:8      | Noticed a rime drake
  7265 | D:8      | Killed from afar by a rime drake

Illustrated notes

Levels and vault maps discovered:
D:1:      dpeg_arrival_prison, layout_loops_ring
D:2:      minmay_alternating_diamond, layout_rooms,
          ebering_ecumenical_altar_sacrificial
D:3:      minmay_thinvault, layout_basic, uniq_robin
D:4:      layout_loops_ring, uniq_duvessa, uniq_crazy_yiuf_cottage
D:5:      layout_basic, gammafunk_ghost_arena, uniq_grinder, uniq_menkaure,
          uniq_edmund
D:6:      layout_basic, serial_shops, nicolae_shop_tiny_real_fake_doors, shop,
          uniq_prince_ribbit1
D:7:      layout_cave_pools, minmay_temple_entry_mini_moons,
          nicolae_shop_firing_range
D:8:      layout_basic, hellmonk_lair_entry_icy, nicolae_underground_beach
Temple:   kilobyte_greek_temple

Skill      XL: |  1  2  3  4  5  6  7  8  9 |
---------------+----------------------------+-----
Spellcasting   | 4 5 6 7 9 10 | 10.2
Conjurations   | 5 6 7 8 9 |  9.3
Hexes          | 6 8 |  8.0
Fighting       | 6 |  6.0
Dodging        | |  2.4
Stealth        | |  2.4

Action                     |  1- 3 |  4- 6 |  7- 9 || total
---------------------------+-------+-------+-------++-------
  Melee: Mace              |       |       |     9 ||     9
         Kick              |       |       |     6 ||     6
         Punch             |       |       |     1 ||     1
         Staff             |       |       |     1 ||     1
   Cast: Magic Dart        |    90 |    35 |    52 ||   177
         Searing Ray       |       |    11 |    34 ||    45
         Fulminant Prism   |       |       |    13 ||    13
    Use: Potion            |     7 |       |     6 ||    13
         Scroll            |     5 |     1 |     2 ||     8
 Armour: Robe              |       |     3 |     3 ||     6
         Steam dragon scal |       |       |     4 ||     4
  Dodge: Dodged            |     4 |    11 |    21 ||    36
